 Dungeon Crawl Stone Soup version 0.29.1-2-gbd0b4ee654 (webtiles) character file.

Game seed: 17704045649068827855

41 styxcanada the Sneak (level 3, -1/18 HPs)
             Began as a Spriggan Brigand on Oct 30, 2022.
             Slain by a gnoll
             ... wielding a +0 club
              (4 damage)
             ... on level 2 of the Dungeon.
             The game lasted 00:04:32 (1328 turns).

styxcanada the Sneak (Spriggan Brigand)             Turns: 1328, Time: 00:04:32

Health: -1/18      AC:  3    Str:  7    XL:     3   Next: 32%
Magic:  5/5        EV:  9    Int: 12    God:
Gold:   139        SH:  0    Dex: 18    Spells: 4/4 levels left

rFire   . . .      SeeInvis +   a - +2 dagger
rCold   . . .      Faith    .   (no shield)
rNeg    . . .      Spirit   .   b - +0 robe
rPois   +          Reflect  .   (helmet restricted)
rElec   .          Harm     .   c - +0 cloak
rCorr   .          Rampage  .   (gloves unavailable)
Will    .....                   (boots unavailable)
Stlth   ++++......              (no amulet)
HPRegen 0.06/turn               n - ring of poison resistance
MPRegen 0.09/turn               (no ring)

@: held, very quick
A: very small, no large weapons, unfitting armour, see invisible, speed 3
a: no special abilities


You were on level 2 of the Dungeon.
You visited 1 branch of the dungeon, and saw 2 of its levels.

You collected 139 gold pieces.

Inventory:

Hand Weapons
 a - a +2 dagger (weapon)
Missiles
 d - 7 poisoned darts (quivered)
 e - 3 curare-tipped darts
 h - 13 stones
Armour
 b - a +0 robe (worn)
 c - a +0 cloak (worn)
Jewellery
 n - a ring of poison resistance (left hand)
Scrolls
 f - a scroll of amnesia {unknown}
 k - a scroll of magic mapping {unknown}
 o - a scroll of blinking {unknown}
Potions
 g - a potion of might {unknown}
 i - a potion of heal wounds {unknown}
 j - a potion of curing {unknown}
 l - a potion of cancellation {unknown}
 m - a potion of invisibility {unknown}


   Skills:
 * Level 1.7 Fighting
 + Level 2.3 Short Blades
 + Level 2.0 Throwing
 * Level 1.8 Dodging
 * Level 7.0 Stealth
 * Level 1.3 Spellcasting


You had 4 spell levels left.
You didn't know any spells.
Your spell library contained the following spells:

 Spells                   Type           Power      Damage    Failure   Level
 Summon Small Mammal      Summ           0%         N/A       30%         1
 Blink                    Tloc           0%         N/A       41%         2
 Call Canine Familiar     Summ           0%         N/A       65%         3
 Lesser Beckoning         Tloc           0%         N/A       65%         3
 Summon Guardian Golem    Hex/Summ       0%         N/A       65%         3
 Manifold Assault         Tloc           0%         N/A       100%        5


Dungeon Overview and Level Annotations

Branches:
Dungeon (2/15)

Altars:


Innate Abilities, Weirdness & Mutations

You are very small and have problems with some larger weapons.
You are too small for most types of armour.
You have supernaturally acute eyesight. (SInv)
You cover ground extremely quickly. (Speed+++)


Message History

You completely miss the goblin.
The goblin is heavily wounded.
You kill the goblin!
Things that are here:
a +0 dagger; a goblin corpse An endoplasm comes into view.
Found 5 gold pieces and a mace.
You see here a poisoned dart.
d - 7 poisoned darts (gained 1)
You pick up a book of Spatial Translocations and begin reading...
You add the spells Blink, Lesser Beckoning and Manifold Assault to your library.
Found a scroll labelled YLA CEIHEE.
Found a fizzy emerald potion.
You see here 5 gold pieces.
A gnoll comes into view. It is wielding a +0 spear.
A gnoll comes into view. It is wielding a +0 club.
A gnoll comes into view. It is wielding a +0 club.
The endoplasm quivers.
A kobold and a gnoll come into view.
The kobold shouts!
The gnoll shouts!
The gnoll shouts! x2
The gnoll shouts!
You hit the endoplasm.
The endoplasm is lightly wounded.
Unknown command.
The gnoll throws a throwing net.
The throwing net hits you.
You become entangled in the net!
You see here a throwing net.
You struggle against the net.
The endoplasm freezes you.
You are frozen.
You struggle against the net.
The gnoll hits you from afar with a +0 spear.
The kobold barely misses you. The gnoll hits you with a +0 club.
The endoplasm hits you.
You struggle against the net.
The gnoll hits you from afar with a +0 spear.
* * * LOW HITPOINT WARNING * * *
The kobold hits you but does no damage. The gnoll hits you with a +0 club.
You die...

##############
#.............#
..............#
#.............#
#.............#
.............##########
....ggg................
#KJg...# #........
#.@....# #........ #
#......# #........
#####.#.....!#
##......#
......#...?..#
##......#
.............#
........#
.......$.)...#
##.......
#####........# ###.....
#.#......# #.....
####.#......# #.....


You could see 4 gnolls, an endoplasm and a kobold.

Vanquished Creatures
  A worm (D:2)
  A dart slug (D:2)
  An orc (D:2)
  An endoplasm (D:1)
  2 giant cockroaches
  2 goblins
  3 hobgoblins
  8 jackals
  A quokka (D:1)
  5 ball pythons
  3 kobolds (D:1)
  2 rats (D:2)
  A toadstool (D:1)
31 creatures vanquished.

Vanquished Creatures (others)
  2 toadstools (D:1)
2 creatures vanquished.

Grand Total: 33 creatures vanquished

Notes
Turn   | Place    | Note
-------+----------+-------------------------------------------
     0 | D:1      | styxcanada the Spriggan Brigand began the quest for the
                  | Orb.
     0 | D:1      | Reached XP level 1. HP: 10/10 MP: 2/2
   257 | D:1      | Reached skill level 6 in Stealth
   264 | D:1      | Reached skill level 1 in Spellcasting
   329 | D:1      | Found a faded altar of an unknown god.
   509 | D:1      | Reached XP level 2. HP: 14/14 MP: 4/4
  1094 | D:2      | Reached XP level 3. HP: 18/18 MP: 5/5
  1242 | D:2      | Reached skill level 7 in Stealth
  1328 | D:2      | Slain by a gnoll

Illustrated notes

Levels and vault maps discovered:
D:1:      scummos_arrival_checkerplants, layout_basic,
          shapermc_ecumenical_altar_acropolis, skrybe_limestone_x,
          minmay_gold_behind_fungi, minivault_4
D:2:      layout_basic

Skill      XL: |  1  2  3 |
---------------+----------+-----
Stealth        | 6 7 |  7.0
Spellcasting   | 1 |  1.3
Fighting       | |  1.7
Short Blades   | |  2.3
Throwing       | |  2.0
Dodging        | |  1.8

Action                   || total
-------------------------++-------
Melee: Dagger            ||    89
       Punch             ||     1
Throw: Dart              ||    12
 Stab: Sleeping          ||     6
Armor: Robe              ||    10
Dodge: Dodged            ||    65
